 Dungeon Crawl Stone Soup version 0.23.2-32-g37ab1d4649 (webtiles) character file.

Game seed: 1259464336381262635

722 Mrkan the Cudgeler (level 7, -6/44 HPs)
             Began as a Gargoyle Fighter on June 25, 2019.
             Was an Initiate of Gozag.
             Mangled by an ogre
             ... wielding a +0 giant spiked club
              (20 damage)
             ... on level 5 of the Dungeon.
             The game lasted 00:10:10 (3669 turns).

Mrkan the Cudgeler (Gargoyle Fighter)               Turns: 3669, Time: 00:10:10

Health: -6/44      AC: 13    Str: 21    XL:     7   Next: 71%
Magic:  7/7        EV:  7    Int:  8    God:    Gozag
Gold:   420        SH: 10    Dex: 10    Spells: 6/6 levels left

rFire    . . .     SeeInvis .   i - +2 whip (pain)
rCold    . . .     Gourm    .   c - +0 shield
rNeg     + . .     Faith    .   b - +0 scale mail
rPois    ∞         Spirit   .   v - +0 helmet
rElec    +         Reflect  .   (no cloak)
rCorr    .         Harm     .   w - +0 pair of gloves (curse)
MR       .....                  (no boots)
Stlth    ..........             (no amulet)
HPRegen  0.14/turn              (no ring)
MPRegen  0.10/turn              (no ring)

@: gold aura
A: negative energy resistance 1, electricity resistance, unbreathing,
petrification resistance, rot immunity, AC +4
a: Potion Petition, Call Merchant, Bribe Branch, Renounce Religion


You were on level 5 of the Dungeon.
You worshipped Gozag.
Gozag was aware of your devotion.
You were very hungry.

You visited 2 branches of the dungeon, and saw 6 of its levels.

You collected 471 gold pieces.
You paid 51 gold pieces to Gozag.

Inventory:

Hand Weapons
 a - a +0 flail
 i - a +2 whip of pain (weapon)
Missiles
 h - 8 poisoned javelins (quivered)
Armour
 b - a +0 scale mail (worn)
 c - a +0 shield (worn)
 v - a +0 helmet (worn)
 w - a cursed +0 pair of gloves (worn)
Jewellery
 g - an uncursed ring of stealth {unknown}
 l - a cursed amulet of inaccuracy {unknown}
Wands
 y - a wand of random effects (7)
Scrolls
 e - a scroll of blinking {unknown}
 j - 3 scrolls of teleportation {unknown}
 k - a scroll of enchant armour {unknown}
 o - a scroll of remove curse {unknown}
 p - 3 scrolls of identify {unknown}
 t - 2 scrolls of fear {unknown}
Potions
 d - a potion of agility
 m - a potion of mutation {unknown}
 n - a potion of ambrosia {unknown}
 q - a potion of haste
 r - a potion of magic {unknown}
 s - a potion of lignification
 u - a potion of heal wounds
 x - a potion of curing {unknown}
 z - a potion of degeneration {unknown}
Comestibles
 f - 11 rations


   Skills:
 + Level 5.5 Fighting
 * Level 6.1 Maces & Flails
 - Level 3.2 Armour
 + Level 5.5 Shields


You had 6 spell levels left.
You didn't know any spells.
Your spell library contained the following spells:

 Spells                   Type           Power        Failure   Level  Hunger
 Animate Skeleton         Necr           N/A          99%         1    ##.....
 Apportation              Tloc           #.....       99%         1    ##.....
 Confusing Touch          Hex            #.....       99%         1    ##.....
 Summon Small Mammal      Summ           #...         99%         1    ##.....


Dungeon Overview and Level Annotations

Branches:
Dungeon (5/15)             Temple (1/1) D:4

Altars:
Ashenzari
Elyvilon
Fedhas
Gozag
Kikubaaqudgha
Makhleb
Nemelex Xobeh
Okawaru
Qazlal
Sif Muna
Trog
Uskayaw
Vehumet
Wu Jian
Xom
Zin
The Shining One

Annotations:
D:2 1 runed translucent door, Crazy Yiuf


Innate Abilities, Weirdness & Mutations

You are resistant to torment.
Your stone body is resilient. (AC +4)
You are immune to poison.
You resist negative energy. (rN+)
You are resistant to electric shocks. (rElec)
You can survive without breathing.
You are immune to petrification.
You are immune to rotting.


Message History

The adder is almost dead.
The crimson imp picks up a beetle and eats it.
You block the adder's attack.
You closely miss the adder.
The adder is almost dead.
The adder barely misses you.
You hit the adder.
You kill the adder!
You whack the ogre!
The ogre is heavily wounded.
The crimson imp blinks! x2
The ogre hits you with a +0 giant spiked club!!
You hit the ogre.
The ogre is heavily wounded.
The crimson imp blinks!
You hit the ogre.
The ogre is severely wounded.
The ogre hits you with a +0 giant spiked club!!
You die...
Your body crumbles into a pile of gold.

... ...... ......
......
####+#######...... $
#.....#...........
.##....(#55........#
.......@O5.........#
......(§#.....#####
........#.....#
###.....#..§..#
#.....#.....#
#....##.....#+########
#.... ######..........
..... ....#.....5....
....#..........


You could see an ogre and 3 crimson imps.

Vanquished Creatures
  A phantom (D:4)
  An ogre (D:5)
  A scorpion (D:4)
  An orc priest (D:4)
  An iguana (D:4)
  Natasha (thrice) (D:4)
  5 orc wizards (D:4)
  2 worker ants
  Robin (D:4)
  8 adders
  An ooze (D:3)
  2 worms
  6 dart slugs
  15 orcs
  6 giant cockroaches
  10 goblins
  12 hobgoblins
  3 jackals (D:2)
  4 quokkas
  A ball python (D:3)
  A ball python skeleton (D:4)
  8 bats
  5 frilled lizards
  3 kobolds
  7 rats
108 creatures vanquished.

Notes
Turn   | Place    | Note
-------+----------+-------------------------------------------
     0 | D:1      | Mrkan the Gargoyle Fighter began the quest for the Orb.
     0 | D:1      | Reached XP level 1. HP: 14/14 MP: 1/1
    82 | D:1      | Reached XP level 2. HP: 17/19 MP: 2/2
   430 | D:1      | Reached XP level 3. HP: 23/23 MP: 3/3
   760 | D:2      | Reached skill level 3 in Maces & Flails
   999 | D:2      | Reached XP level 4. HP: 25/29 MP: 4/4
  1083 | D:2      | Found a runed translucent door.
  1084 | D:2      | Noticed Crazy Yiuf
  1753 | D:3      | Reached XP level 5. HP: 25/33 MP: 5/5
  1968 | D:3      | Reached skill level 4 in Maces & Flails
  2180 | D:4      | Found a staircase to the Ecumenical Temple.
  2191 | Temple   | Entered the Ecumenical Temple
  2294 | Temple   | Became a worshipper of Gozag Ym Sagoz the Greedy
  2442 | D:4      | Noticed Robin
  2499 | D:4      | Killed Robin
  2654 | D:4      | Noticed a phantom
  2655 | D:4      | Found the +10 Black Knight's horse barding {ponderous,
                  | rPois rN+}
  2658 | D:4      | Reached XP level 6. HP: 35/39 MP: 6/6
  2781 | D:4      | Killed a phantom
  2781 | D:4      | Reached skill level 5 in Maces & Flails
  2859 | D:4      | Found a sparkling altar of Nemelex Xobeh.
  2921 | D:4      | Reached skill level 5 in Fighting
  2921 | D:4      | Reached skill level 5 in Shields
  2921 | D:4      | Reached XP level 7. HP: 39/44 MP: 7/7
  3056 | D:4      | Noticed Natasha
  3091 | D:4      | Killed Natasha
  3194 | D:4      | Noticed Natasha
  3207 | D:4      | Killed Natasha
  3293 | D:4      | Noticed Natasha
  3309 | D:4      | Killed Natasha
  3536 | D:5      | Entered Level 5 of the Dungeon
  3546 | D:5      | Reached skill level 6 in Maces & Flails
  3629 | D:5      | Found a shimmering altar of Xom.
  3669 | D:5      | Mangled by an ogre

Skill      XL: |  1  2  3  4  5  6  7 |
---------------+----------------------+-----
Maces & Flails | 3 4 5 6 |  6.1
Fighting       | 4 5 |  5.5
Shields        | 4 5 |  5.5
Armour         | |  3.2

Action                   |  1- 3 |  4- 6 |  7- 9 || total
-------------------------+-------+-------+-------++-------
Melee: Flail             |    56 |       |       ||    56
       Whip              |    76 |   247 |   139 ||   462
  Use: Potion            |       |     4 |       ||     4
 Stab: Distracted        |       |       |     2 ||     2
  Eat: Chunk             |     1 |     4 |       ||     5
       Ration            |       |     1 |       ||     1
Armor: Scale mail        |    68 |   102 |    41 ||   211
       Skin              |       |     5 |       ||     5
Dodge: Dodged            |    41 |    56 |    26 ||   123
Block: Shield            |    59 |   103 |    54 ||   216
